 Dungeon Crawl Stone Soup version 0.28-a0-1190-g77e1c55843 (webtiles) character file.

Game seed: 3742168033029205322

118492 AvatarAndi78 the Severer (level 16, -19/154 HPs)
             Began as a Minotaur Berserker on Dec 18, 2021.
             Was a High Priest of Trog.
             Killed from afar by an eleionoma (50 damage)
             ... with a spray of wooden splinters
             ... on level 2 of the Swamp.
             The game lasted 01:24:00 (30761 turns).

AvatarAndi78 the Severer (Minotaur Berserker)      Turns: 30761, Time: 01:24:01

Health: -19/154    AC:  0    Str: 24    XL:     16   Next: 25%
Magic:  15/15      EV: 17    Int:  6    God:    Trog [*****.]
Gold:   2013       SH:  0    Dex: 14    Spells: 15/15 levels left

rFire   . . .      SeeInvis +   (weapon currently unavailable)
rCold   . . .      Faith    +   (shield currently unavailable)
rNeg    . . .      Spirit   .   (armour currently unavailable)
rPois   .          Reflect  .   (helmet currently unavailable)
rElec   .          Harm     .   (cloak currently unavailable)
rCorr   .          Rampage  .   (gloves currently unavailable)
Will    +....                   (boots currently unavailable)
Stlth   ++........              c - amulet of faith
HPRegen 0.35/turn               (ring currently unavailable)
MPRegen 0.14/turn               (ring currently unavailable)

@: about to teleport, pig-form, grasped by roots, spiked, on berserk cooldown,
slowed, constricted, studying Staves, very slow
A: fast, no casting, small, (horns 2), (retaliatory headbutt), see invisible
a: Renounce Religion, Berserk, Trog's Hand, Brothers in Arms


You were on level 2 of the Swamp.
You worshipped Trog.
Trog was extremely pleased with you.
You were a filthy swine.
You visited 4 branches of the dungeon, and saw 25 of its levels.
You also visited: Gauntlet and Volcano.

You collected 2730 gold pieces.
You spent 717 gold pieces at shops.

Inventory:

Hand Weapons
 g - the +11 short sword of the Gibberer {flame, *Rage Str+3 Dex+7}
   (Trog gifted it to you on level 5 of the Lair of Beasts)

   It burns those it strikes, dealing additional fire damage.
   Str:       It affects your strength (+3).
   Dex:       It affects your dexterity (+7).
   *Rage:     It berserks you when you make melee attacks (+20% chance).
 D - the +10 executioner's axe "Ferarphuo" (melded) {flame, *Rage rF+ Str+5 Stlth+}
   (Trog gifted it to you on level 15 of the Dungeon)

   It burns those it strikes, dealing additional fire damage.
   Big, fiery blades are also staple armaments of hydra-hunters.
   Str:       It affects your strength (+5).
   rF:        It protects you from fire.
   *Rage:     It berserks you when you make melee attacks (+20% chance).
   Stlth:     It makes you more stealthy.
 V - a +4 war axe of flaming
Missiles
 l - 7 javelins
 n - 2 silver boomerangs
 v - 19 boomerangs (quivered)
 U - 6 silver javelins
Armour
 f - a +0 pair of gloves (melded)
 k - a +0 hat (melded)
 u - a +0 buckler
 J - a +1 cloak of poison resistance
 P - a +2 cloak of fire resistance (melded)
 W - a +2 plate armour of fire resistance (melded)
Jewellery
 a - a +4 ring of protection (melded)
 c - an amulet of faith (around neck)
 d - a ring of protection from fire
 m - a +4 ring of evasion
 I - a ring of flight
 O - a +4 ring of slaying
 Q - a ring of poison resistance
 T - the ring "Zeuseapp" (melded) {rPois Dex+7}
   (You found it in a Gauntlet)

   [ring of poison resistance]

   Dex:       It affects your dexterity (+7).
   rPois:     It protects you from poison.
Wands
 r - a wand of digging (11)
 B - a wand of flame (21)
 E - a wand of iceblast (24)
 F - a wand of polymorph (35)
 G - a wand of paralysis (8)
 N - a wand of acid (5)
Scrolls
 e - a scroll of silence
 h - 4 scrolls of enchant armour
 i - 11 scrolls of teleportation
 j - 3 scrolls of blinking
 o - a scroll of brand weapon
 p - a scroll of holy word
 s - 6 scrolls of magic mapping
 t - 2 scrolls of summoning
 w - 8 scrolls of enchant weapon
 x - 6 scrolls of fog
 z - 2 scrolls of fear
 C - 9 scrolls of identify
Potions
 b - 9 potions of curing
 q - 4 potions of resistance
 A - 7 potions of heal wounds
 H - 5 potions of flight
 K - a potion of cancellation
 L - 2 potions of ambrosia
 M - a potion of mutation
 S - 6 potions of might
Miscellaneous
 y - a lightning rod (4/4)


   Skills:
 + Level 16.9 Fighting
 + Level 10.5 Short Blades
 + Level 17.1(17.9) Axes
 + Level 9.0(14.1) Polearms
 + Level 5.8 Throwing
 + Level 13.6 Armour
 + Level 11.0 Dodging
 + Level 6.0 Stealth
 + Level 9.6 Shields


You had 15 spell levels left.
You didn't know any spells.
Your spell library was empty.

Dungeon Overview and Level Annotations

Branches:
Dungeon (15/15)            Temple (0/1) D:5            Lair (6/6) D:9
  Swamp (2/4) Lair:2       Spider (0/4) Lair:2        Slime (0/5) Lair:5
    Orc (2/2) D:12            Elf (0/3) Orc:2        Vaults (0/5) D:14
 Depths (0/4) D:15        Volcano (visited)         Gauntlet (visited)

Altars:
Fedhas
Ru
Beogh

Shops:
D:9 !   D:14 (   Orc:2 [?***

Annotations:
Swamp:2 Jorgrun, Kirke, Louise


Innate Abilities, Weirdness & Mutations

You are a filthy swine.
You move quickly.
Your equipment is almost entirely melded.
You are incapable of wielding weapons or throwing items.
You cannot cast spells.
((You have a pair of horns on your head.))
((You reflexively headbutt those who attack you in melee.))
You have supernaturally acute eyesight. (SInv)


Message History

The volley of spikes hits you!
The barbed spikes become lodged in your body.
The barbs in your skin will harm you if you move.
Continue? [Y]es or [N]o only, please.
The barbs in your skin will harm you if you move.
Continue? [Y]es or [N]o only, please.
The barbs in your skin will harm you if you move.
Continue?
An eleionoma comes into view.
The barbed spikes dig painfully into your body as you move.
The barbed spikes dig painfully into your body as you move.
The manticore flicks its tail.
The volley of spikes hits you!
The barbed spikes become lodged in your body.
Louise shouts!
Jorgrun Earthshaker comes into view.
He is wielding a +0 vorpal quarterstaff.
The barbed spikes dig painfully into your body as you move.
A will-o-the-wisp comes into view.
Found a potion of attraction.
The barbed spikes dig painfully into your body as you move.
* * * LOW HITPOINT WARNING * * *
You enter the shallow water.
Moving in this stuff is going to be slow.
The barbed spikes dig painfully into your body as you move.
* * * LOW HITPOINT WARNING * * *
Jorgrun shouts!
The eleionoma shouts!
Kirke gestures at you while chanting.
You struggle to resist.
The eleionoma flows through the trees.
An eight-headed hydra comes into view.
Kirke points at you and mumbles some strange words.
You struggle to resist.
The eleionoma closely misses you.
As you read the scroll of teleportation, it crumbles to dust.
You feel strangely unstable. Jorgrun gestures at you while chanting.
Roots burst forth from the earth!
The grasping roots grab you! The grasping roots constrict you!
* * * LOW HITPOINT WARNING * * *
The eleionoma hurls a spray of splinters at you.
The spray of wooden splinters hits you!!!
You die...

.≈ ♣♣♣ .≈..≈≈..≈ ♣.v
.≈..≈....≈≈≈.≈
♣.♣♣..!♣..≈..≈...≈
♣g..≈.≈≈≈≈.......≈
♣.≈≈≈.≈§.≈§≈.....≈
♣♣.≈≈≈.≈.≈≈≈≈≈≈≈≈≈†
♣..♣....≈≈≈≈≈≈≈≈≈†<
♣R≈♣.♣ ♣..§≈≈.♣≈†.♣
♣.h.♣ ♣.≈.≈♣†..♣♣
♣.≈≈♣ ♣..♣^≈≈.♣♣
♣♣.≈.♣ ♣≈.♣...♣♣♣
♣..♣)♣♣♣♣♣♣≈♣♣.≈..♣♣
♣.≈≈≈♣♣.♣♣...≈≈≈.≈.♣
♣.@..♣...≈.§≈.≈..≈.♣
♣.♣.♣....≈≈≈♣≈.≈...≈
♣♣Hh.....≈≈♣♣♣♣♣≈♣♣≈§
♣@k§h≈.≈.≈≈♣ ♣♣♣♣♣.


You could see Jorgrun, Kirke, an eleionoma, a manticore (summoned) and a
will-o-the-wisp (wandering).

Vanquished Creatures
  Rupert (D:12)
  Frances (D:12)
  A thorn hunter (Swamp:1)
  Roxanne (Swamp:1)
  An orc warlord (Orc:1)
  A very ugly thing (D:15)
  An eleionoma (Swamp:2)
  A minotaur (Gauntlet)
  Josephine (D:12)
  A shambling mangrove (Swamp:2)
  4 vault guards (D:14)
  Fannar (Orc:1)
  A great orb of eyes (D:15)
  13 hydras
  2 boulder beetles
  A ghost crab (Swamp:1)
  2 centaur warriors (D:14)
  An ogre mage (D:15)
  2 catoblepae (Lair:5)
  A two-headed ogre (shapeshifter) (D:15)
  Erica (Orc:1)
  A dancing weapon (Volcano)
  9 two-headed ogres
  A hell hog (Gauntlet)
  3 death yaks (Lair:6)
  2 orc high priests (Orc:2)
  2 goliath frogs
  A spriggan druid (Swamp:1)
  2 swamp dragons
  5 wizards (Volcano)
  A lindwurm (Lair:4)
  6 orc knights
  9 deep elf pyromancers
  6 orc sorcerers
  4 cyclopes
  A will-o-the-wisp (Swamp:1)
  5 toenail golems (Volcano)
  19 ugly things
  5 manticores
  A worldbinder (Gauntlet)
  Maurice (D:8)
  5 black mambas
  2 torpor snails
  2 gargoyles
  24 cane toads
  4 komodo dragons
  An unseen horror (D:11)
  A tengu conjurer (D:14)
  An efreet (D:13)
  6 trolls
  7 jumping spiders (Lair:2)
  A meliai (D:14)
  3 hornets
  3 polar bears
  4 tyrant leeches
  Prince Ribbit (Lair:3)
  17 slime creatures
  19 blink frogs
  4 redbacks (Lair:2)
  A spriggan (shapeshifter) (D:14)
  6 flying skulls (Gauntlet)
  A vampire (D:11)
  A shadow (D:12)
  3 spriggans (Swamp:1)
  4 wraiths (D:12)
  5 wyverns
  51 yaks
  9 basilisks
  4 hogs (Swamp:2)
  A steam dragon (D:9)
  4 fire bats (Gauntlet)
  9 vampire mosquitoes
  2 wargs (Orc:1)
  9 swamp worms
  19 water moccasins
  2 acid dragons
  3 hell hounds (Gauntlet)
  Duvessa (D:7)
  3 ice beasts
  2 black bears
  9 ogres
  27 orc warriors
  14 wolves
  2 boggarts (Gauntlet)
  6 centaurs
  A wolf (shapeshifter) (D:14)
  A phantom (D:4)
  A kobold brigand (D:8)
  A gnoll sergeant (D:10)
  21 bullfrogs
  A scorpion (D:7)
  Dowan (D:7)
  6 killer bees (D:11)
  4 howler monkeys
  15 wights
  3 electric eels
  2 bullfrog zombies
  2 centaur zombies
  5 hounds
  26 orc priests
  13 jellies (Lair:5)
  2 gnoll shamans (D:6)
  A centaur skeleton (D:7)
  3 iguanas
  Jessica (D:2)
  25 orc wizards
  2 killer bee zombies
  11 gnolls
  4 adders
  2 shadow imps
  2 ufetubi
  3 worms
  3 dart slugs
  103 orcs
  8 bats
  6 endoplasms
  3 giant cockroaches
  12 goblins
  5 hobgoblins
  5 jackals
  6 quokkas
  5 ball pythons
  5 frilled lizards
  10 kobolds
  2 rats
  6 briar patches (Swamp:1)
764 creatures vanquished.

Vanquished Creatures (collateral kills)
  An orc high priest (Orc:2)
  A goliath frog (Lair:6)
  2 oklob plants (Lair:2)
  A black mamba (Lair:6)
  A cane toad (Lair:6)
  A warg (Orc:1)
  3 orc warriors (Orc:1)
  An ogre (Orc:1)
  2 orc priests
  3 orc wizards (Orc:1)
  4 orcs (Orc:1)
20 creatures vanquished.

Vanquished Creatures (others)
  A hydra (Swamp:2)
  A bloated husk (Swamp:2)
  A hornet (Swamp:2)
  A swamp drake (Swamp:2)
  A briar patch (Swamp:1)
  2 foxfires (Swamp:1)
  42 fungi
  95 plants
144 creatures vanquished.

Grand Total: 928 creatures vanquished

Notes
Turn   | Place    | Note
-------+----------+-------------------------------------------
     0 | D:1      | AvatarAndi78 the Minotaur Berserker began the quest for the
                  | Orb.
     0 | D:1      | Reached XP level 1. HP: 19/19 MP: 0/0
   189 | D:1      | Reached XP level 2. HP: 27/27 MP: 1/1
   197 | D:1      | Reached skill level 4 in Axes
   544 | D:1      | Reached XP level 3. HP: 31/33 MP: 2/2
   569 | D:1      | Reached ** piety under Trog
   973 | D:2      | Noticed Jessica
   982 | D:2      | Killed Jessica
  1151 | D:2      | Found a faded altar of an unknown god.
  1274 | D:2      | Reached XP level 4. HP: 41/41 MP: 3/3
  1877 | D:3      | Reached skill level 5 in Axes
  1913 | D:3      | Reached skill level 5 in Fighting
  1913 | D:3      | Reached XP level 5. HP: 10/48 MP: 4/4
  2887 | D:4      | Reached skill level 1 in Stealth
  2890 | D:4      | Reached skill level 6 in Axes
  2890 | D:4      | Reached XP level 6. HP: 29/56 MP: 5/5
  3356 | D:4      | Noticed an orc warrior
  3368 | D:4      | Killed an orc warrior
  3369 | D:4      | Reached XP level 7. HP: 17/62 MP: 6/6
  3374 | D:4      | Reached *** piety under Trog
  3661 | D:4      | Reached skill level 7 in Axes
  4164 | D:5      | Entered Level 5 of the Dungeon
  4234 | D:5      | Reached skill level 8 in Axes
  4305 | D:5      | Reached skill level 5 in Armour
  4305 | D:5      | Reached XP level 8. HP: 70/71 MP: 7/7
  4311 | D:5      | Reached skill level 1 in Shields
  4440 | D:5      | Reached skill level 9 in Axes
  4498 | D:5      | Found a staircase to the Ecumenical Temple.
  4658 | D:5      | Reached **** piety under Trog
  5525 | D:6      | Reached skill level 10 in Axes
  5836 | D:6      | Reached XP level 9. HP: 81/81 MP: 8/8
  6041 | D:6      | Found a sacrificial altar of Ru.
  6278 | D:7      | Noticed Dowan
  6279 | D:7      | Noticed Duvessa
  6290 | D:7      | Killed Dowan
  6301 | D:7      | Killed Duvessa
  6302 | D:7      | Reached skill level 1 in Polearms
  6582 | D:7      | Identified the +1 ring mail of Protective Custody {-Tele
                  | Rampage rN+ SInv}
  6762 | D:7      | Reached skill level 11 in Axes
  7295 | D:8      | Noticed Maurice
  7308 | D:8      | Killed Maurice
  7706 | D:8      | Gained mutation: You are dopey. (Int -2) [potion of
                  | mutation]
  7706 | D:8      | Gained mutation: You are agile. (Dex +2) [potion of
                  | mutation]
  7720 | D:8      | Lost mutation: You are agile. (Dex +2) [potion of mutation]
  7720 | D:8      | Lost mutation: You are dopey. (Int -2) [potion of mutation]
  7720 | D:8      | Gained mutation: You tend to lose your temper in combat.
                  | [potion of mutation]
  7721 | D:8      | Lost mutation: You tend to lose your temper in combat.
                  | [potion of mutation]
  7721 | D:8      | Gained mutation: Armour fits poorly on your strangely
                  | shaped body. [potion of mutation]
  7721 | D:8      | Gained mutation: Your muscles are strong. (Str +2) [potion
                  | of mutation]
  7722 | D:8      | Lost mutation: Armour fits poorly on your strangely shaped
                  | body. [potion of mutation]
  7722 | D:8      | Lost mutation: Your muscles are strong. (Str +2) [potion of
                  | mutation]
  7722 | D:8      | Gained mutation: You have large cloven feet. [potion of
                  | mutation]
  7745 | D:8      | Reached skill level 5 in Polearms
  7747 | D:8      | Reached ***** piety under Trog
  8508 | D:8      | Reached XP level 10. HP: 73/91 MP: 9/9
  8883 | D:9      | Found a staircase to the Lair.
  9042 | D:9      | Noticed a two-headed ogre
  9052 | D:9      | Killed a two-headed ogre
  9188 | D:9      | Paralysed by a hornet for 1 turns
  9192 | D:9      | Paralysed by a hornet for 3 turns
  9746 | D:9      | Found Liloa's Distillery.
  9972 | D:10     | Entered Level 10 of the Dungeon
  9982 | D:10     | Received a gift from Trog
 11007 | D:11     | Reached skill level 10 in Fighting
 11172 | D:11     | Noticed a deep elf pyromancer
 11182 | D:11     | Killed a deep elf pyromancer
 11183 | D:11     | Reached skill level 5 in Dodging
 11183 | D:11     | Reached XP level 11. HP: 92/100 MP: 10/10
 11358 | D:11     | Noticed a deep elf pyromancer
 11365 | D:11     | Noticed a two-headed ogre
 11369 | D:11     | Killed a deep elf pyromancer
 11370 | D:11     | Killed a two-headed ogre
 11371 | D:11     | Reached skill level 12 in Axes
 11690 | Lair:1   | Entered Level 1 of the Lair of Beasts
 12381 | Lair:1   | Reached skill level 13 in Axes
 13260 | Lair:2   | You fall into a shaft and drop 1 floor!
 13504 | Lair:2   | Found a staircase to the Swamp.
 13504 | Lair:2   | Noticed a swamp dragon
 13515 | Lair:2   | Killed a swamp dragon
 13516 | Lair:2   | Reached XP level 12. HP: 94/110 MP: 11/11
 13725 | Lair:2   | Found a hole to the Spider Nest.
 14080 | Lair:2   | Reached skill level 10 in Armour
 14113 | Lair:2   | Found a blossoming altar of Fedhas.
 14122 | Lair:2   | Reached skill level 14 in Axes
 14126 | Lair:2   | Reached skill level 5 in Shields
 14835 | Lair:3   | Received a gift from Trog
 14863 | Lair:3   | Noticed an eight-headed hydra
 14989 | Lair:3   | Killed a four-headed hydra
 15218 | Lair:3   | Noticed a seven-headed hydra
 15218 | Lair:3   | Noticed Prince Ribbit
 15234 | Lair:3   | Killed a five-headed hydra
 15236 | Lair:3   | Killed Prince Ribbit
 15290 | Lair:3   | Noticed a four-headed hydra
 15298 | Lair:3   | Killed a one-headed hydra
 16611 | Lair:4   | Reached XP level 13. HP: 119/119 MP: 12/12
 17605 | Lair:4   | Found a runed translucent door.
 17934 | Lair:5   | Found a staircase to the Slime Pits.
 18006 | Lair:5   | Reached skill level 15 in Axes
 18165 | Lair:5   | Identified the +11 short sword of the Gibberer {flame,
                  | *Rage Str+3 Dex+7} (Trog gifted it to you on level 5 of the
                  | Lair of Beasts)
 18165 | Lair:5   | Received a gift from Trog
 18369 | Lair:5   | Reached skill level 1 in Throwing
 18717 | Lair:5   | Reached skill level 1 in Short Blades
 18983 | Lair:5   | Identified the +3 mace "Demonbane" {protect, rCorr}
 19318 | Lair:6   | Entered Level 6 of the Lair of Beasts
 19356 | Lair:6   | Found a dark tunnel.
 19367 | Volcano  | Entered a volcano
 20299 | Lair:6   | Reached XP level 14. HP: 132/132 MP: 13/13
 20302 | Lair:6   | Reached skill level 5 in Stealth
 20330 | Lair:6   | Received a gift from Trog
 20609 | Lair:6   | Reached skill level 5 in Short Blades
 21322 | Lair:3   | Reached skill level 10 in Dodging
 21505 | D:12     | Noticed Rupert
 21519 | D:12     | Killed Rupert
 21682 | D:12     | Noticed Frances
 21693 | D:12     | Killed Frances
 21796 | D:12     | Received a gift from Trog
 21843 | D:12     | Reached skill level 15 in Fighting
 21941 | D:12     | Noticed Josephine
 21949 | D:12     | Killed Josephine
 22318 | D:12     | Found a staircase to the Orcish Mines.
 23797 | D:14     | Found Byppy's Antique Weapon Emporium.
 23950 | D:14     | Found a gate leading to a gauntlet.
 23959 | Gauntlet | Entered a Gauntlet
 23959 | Gauntlet | Found a transporter.
 23959 | Gauntlet | Found a runed translucent gate.
 23959 | Gauntlet | Found a transporter.
 23961 | Gauntlet | Found a runed translucent gate.
 23961 | Gauntlet | Found a transporter.
 23962 | Gauntlet | Found a runed translucent gate.
 23964 | Gauntlet | Found a transporter.
 23965 | Gauntlet | Found a transporter.
 23965 | Gauntlet | Found a transporter.
 24001 | Gauntlet | Found a transporter.
 24004 | Gauntlet | Found a transporter.
 24012 | Gauntlet | Found a transporter.
 24029 | Gauntlet | Found a transporter.
 24044 | Gauntlet | Found a transporter.
 24048 | Gauntlet | Found a transporter.
 24112 | Gauntlet | Received a gift from Trog
 24168 | Gauntlet | Reached XP level 15. HP: 141/141 MP: 14/14
 24229 | Gauntlet | Identified the ring "Zeuseapp" {rPois Dex+7}
 24297 | Gauntlet | Identified the +1 whip of the Ninety-Nine Knives {vorpal,
                  | +Blink Will+}
 24470 | D:14     | Found a gate to the Vaults.
 25230 | D:14     | Reached skill level 5 in Throwing
 25860 | D:15     | Entered Level 15 of the Dungeon
 26067 | D:15     | Reached skill level 10 in Short Blades
 26279 | D:15     | Identified the +10 executioner's axe "Ferarphuo" {flame,
                  | *Rage rF+ Str+5 Stlth+} (Trog gifted it to you on level 15
                  | of the Dungeon)
 26279 | D:15     | Received a gift from Trog
 26340 | D:15     | Found a staircase to the Depths.
 26959 | Orc:1    | Entered Level 1 of the Orcish Mines
 27003 | Orc:1    | Lost mutation: You have large cloven feet. [potion of
                  | mutation]
 27003 | Orc:1    | Gained mutation: You have supernaturally acute eyesight.
                  | (SInv) [potion of mutation]
 27082 | Orc:2    | Entered Level 2 of the Orcish Mines
 27182 | Orc:1    | Noticed Erica
 27187 | Orc:1    | Killed Erica
 27192 | Orc:1    | Received a gift from Trog
 27413 | Orc:1    | Noticed Fannar
 27425 | Orc:1    | Killed Fannar
 27426 | Orc:1    | Reached skill level 16 in Axes
 27426 | Orc:1    | Noticed an orc warlord
 27547 | Orc:1    | Killed an orc warlord
 27951 | Orc:2    | Found Rosisinu's Antique Armour Shop.
 28413 | Orc:2    | Reached XP level 16. HP: 98/152 MP: 15/15
 28413 | Orc:2    | Found Carenke's Magic Scroll Shop.
 28413 | Orc:2    | Found Qeloluist's General Store.
 28867 | Orc:2    | Found Punic's General Store.
 28867 | Orc:2    | Found Laddus Iblunn's General Store.
 28881 | Orc:2    | Bought a scroll of summoning for 123 gold pieces
 28881 | Orc:2    | Bought a scroll of brand weapon for 260 gold pieces
 28883 | Orc:2    | Bought a scroll of enchant armour for 75 gold pieces
 28884 | Orc:2    | Bought a potion of heal wounds for 70 gold pieces
 28884 | Orc:2    | Bought a potion of heal wounds for 70 gold pieces
 28886 | Orc:2    | Bought a potion of might for 68 gold pieces
 28886 | Orc:2    | Bought a potion of flight for 51 gold pieces
 29136 | Orc:2    | Found a staircase to the Elven Halls.
 29542 | Swamp:1  | Entered Level 1 of the Swamp
 29542 | Swamp:1  | Noticed Roxanne
 29564 | Swamp:1  | Killed Roxanne
 30147 | Swamp:1  | Noticed a thorn hunter
 30163 | Swamp:1  | Killed a thorn hunter
 30617 | Swamp:2  | Reached skill level 17 in Axes
 30735 | Swamp:2  | Noticed Kirke
 30737 | Swamp:2  | Noticed Louise
 30758 | Swamp:2  | Noticed Jorgrun
 30761 | Swamp:2  | Killed from afar by an eleionoma

Illustrated notes

Levels and vault maps discovered:
D:1:      dpeg_arrival_long_road, layout_basic
D:2:      layout_rooms, hellmonk_ecumenical_altar_inner_sanctum, uniq_jessica
D:3:      layout_basic
D:4:      layout_loops_ring
D:5:      layout_gridville, minmay_temple_entry_proselytizer,
          minmay_manual_monolith
D:6:      layout_cave_pools, nicolae_ru_sacrificial_ziggurat
D:7:      layout_rooms, uniq_duvessa
D:8:      layout_basic, kennysheep_generic_room_12, uniq_maurice
D:9:      layout_basic, lair_entry_dummy, serial_shops,
          nicolae_shop_advertising_works [nicolae_subvault_shop_adworks]
D:10:     statuecave_lemuel, layout_small_grid
D:11:     layout_loops_ring
D:12:     layout_stronghold, david_orc_4, uniq_frances, uniq_josephine,
          uniq_rupert
D:13:     layout_irregular_city
D:14:     layout_loops_corners, lightli_vaults_fourway_checkpoint,
          gauntlet_entry_generic, kennysheep_small_spiral, serial_shops, shop
D:15:     gammafunk_enter_depths_forms, layout_rooms, serial_glass,
          glass_columns_a, glass_columns_a, due_unseen_surprise,
          item_on_display_a, chequers_serial_rivers_micro_e
Lair:1:   layout_cave_shapes, grunt_megastairs_3
Lair:2:   layout_regular_city, minmay_swamp_entry_reptiles,
          nicolae_spider_entry_tight_spaces, hangedman_tree_tricks,
          grunt_megastairs_1, serial_bayou_shore_b
Lair:3:   layout_concentric_octagons, lemuel_fruit_tree, uniq_prince_ribbit2
Lair:4:   layout_cave_pods, pf_torpor_hydra
Lair:5:   nzn_motion_control, layout_gridlike, minmay_slime_entry_jelly_boxes,
          lemuel_fruit_fields
Lair:6:   minmay_lair_end_frog_pond, layout_gridlike, enter_volcano_2
Swamp:1:  layout_basic_swamp, nicolae_swamp_feature_on_the_river_bank,
          grunt_hermit_hut, infiniplex_staircase_pool, uniq_roxanne
Swamp:2:  layout_falls_marsh, hangedman_swamp_cone, swamp_pool1,
          nicolae_swamp_wisp_ring_woods, uniq_louise, uniq_kirke, uniq_jorgrun
Orc:1:    layout_caves, basic_altar, uniq_fannar, uniq_erica
Orc:2:    grunt_orc_tribal_feast, layout_caves, serial_shops, shop,
          nicolae_orc_bridge_out

Skill      XL: |  1  2  3  4  5  6  7  8  9 10 11 12 13 14 15 16 |
---------------+-------------------------------------------------+-----
Fighting       | 4 5 6 8 9 10 11 12 14 15 16 | 16.9
Axes           | 4 5 6 8 10 11 13 14 15 16 17 | 17.1
Armour         | 3 4 5 6 7 8 9 11 12 13 | 13.6
Stealth        | 1 2 3 4 5 6 |  6.0
Dodging        | 3 4 5 6 8 9 10 11 | 11.0
Shields        | 1 2 3 4 6 7 8 9 |  9.6
Polearms       | 5 8 9 |  9.0
Throwing       | 2 4 5 |  5.8
Short Blades   | 4 8 10 | 10.5

Action                   |  1- 3 |  4- 6 |  7- 9 | 10-12 | 13-15 | 16-18 || total
-------------------------+-------+-------+-------+-------+-------+-------++-------
Melee: Hand axe          |    48 |    40 |       |   459 |   133 |       ||   680
       Headbutt          |    10 |     9 |    45 |   131 |   295 |    20 ||   510
       War axe           |       |    48 |   157 |       |       |       ||   205
       Spear             |       |       |   182 |   150 |       |       ||   332
       Kick              |       |       |     4 |   192 |   395 |       ||   591
       Short sword       |       |       |       |       |   626 |       ||   626
       Executioner's axe |       |       |       |       |   121 |    75 ||   196
       Unarmed           |       |       |       |       |       |     3 ||     3
Throw: Boomerang         |       |       |     2 |     2 |    63 |    27 ||    94
       Javelin           |       |       |       |       |     2 |       ||     2
Invok: Berserk           |       |     3 |     4 |     7 |     3 |       ||    17
       Trog's Hand       |       |     1 |     1 |     8 |    13 |     1 ||    24
       Brothers in Arms  |       |       |       |     1 |     3 |       ||     4
Evoke: Wand              |       |       |       |       |     1 |       ||     1
  Use: Potion            |       |       |    12 |       |     7 |     1 ||    20
       Scroll            |       |       |     9 |       |    17 |     1 ||    27
 Stab: Sleeping          |       |       |       |     2 |     7 |       ||     9
       Invisible         |       |       |       |       |     3 |       ||     3
       Distracted        |       |       |       |       |     1 |       ||     1
Armor: Animal skin       |     7 |       |       |       |       |       ||     7
       Leather armour    |     2 |    16 |     1 |       |       |       ||    19
       Chain mail        |       |       |    71 |       |       |       ||    71
       Ring mail         |       |       |     9 |   132 |   151 |       ||   292
       Plate armour      |       |       |       |       |   182 |    50 ||   232
Dodge: Dodged            |    28 |    56 |   158 |   309 |   585 |    57 ||  1193
Block: Buckler           |       |       |    30 |    88 |   199 |       ||   317

Table legend: (Time is in decaauts)
 A = Elapsed time spent in this place.
 B = Non-inter-level travel time spent in this place.
 C = Inter-level travel time spent in this place.
 D = Time resting spent in this place.
 E = Time spent auto-exploring this place.
 F = Levels seen in this place.
 G = Mean time per level.
                   A        B        C        D        E       F      G
               +--------+--------+--------+--------+--------+-----+--------+
         Total |  31134 |  29868 |   1266 |      0 |  24599 |  27 | 1153.1 |
       Dungeon |  17122 |  16439 |    683 |      0 |  13980 |  15 | 1141.5 |
          Lair |   9193 |   8884 |    309 |      0 |   7295 |   6 | 1532.2 |
         Swamp |   1327 |   1286 |     41 |      0 |   1006 |   2 |  663.5 |
  Orcish Mines |   2515 |   2283 |    232 |      0 |   1902 |   2 | 1257.5 |
       Volcano |    631 |    631 |      0 |      0 |    414 |   1 |  631.0 |
      Gauntlet |    344 |    344 |      0 |      0 |      0 |   1 |  344.0 |
               +--------+--------+--------+--------+--------+-----+--------+

Top non-repeatable levels by time:
  Lair:2: 1929 daAuts
    D:12: 1683 daAuts
   Orc:2: 1599 daAuts
     D:4: 1593 daAuts
  Lair:5: 1580 daAuts
    D:14: 1527 daAuts
  Lair:1: 1498 daAuts
     D:8: 1471 daAuts
  Lair:3: 1433 daAuts
  Lair:6: 1391 daAuts
  Lair:4: 1359 daAuts
     D:5: 1304 daAuts
    D:13: 1190 daAuts
 Swamp:1: 1171 daAuts
     D:9: 1156 daAuts
